 Dungeon Crawl Stone Soup version 0.20.1-1-g8b1a95d (webtiles) character file.

4762 Mitsuki the Blocker (level 10, -3/81 HPs)
             Began as a Minotaur Fighter on Oct 14, 2017.
             Slain by a killer bee (5 damage)
             ... on level 8 of the Dungeon.
             The game lasted 00:26:05 (10325 turns).

Mitsuki the Blocker (Minotaur Fighter)             Turns: 10325, Time: 00:26:06

Health: -3/81      AC:  7    Str: 30    XL:     10   Next: 23%
Magic:  13/13      EV:  7    Int:  7    God:
Gold:   407        SH: 12    Dex:  9    Spells: 9/9 levels left

rFire    . . .     SeeInvis .   a - +0 trident
rCold    . . .     Gourm    .   c - +0 shield
rNeg     + . .     Faith    .   K - +0 chain mail
rPois    +         Spirit   .   (helmet restricted)
rElec    .         Reflect  .   (no cloak)
rCorr    +         Harm     .   (no gloves)
MR       .....     Clarity  +   (no boots)
Stlth    ..........             M - amulet of rage (curse)
Regen    0.3/turn               i - ring of resist corrosion
MPRegen  0.2/turn               G - ring of positive energy

@: mighty, lethally poisoned (-3 -> -4)
A: retaliatory headbutt, horns 2, clarity, clever 1, deformed body, frail 1,
poison resistance
a: Evoke Berserk Rage


You were on level 8 of the Dungeon.
You were not hungry.

You visited 2 branches of the dungeon, and saw 9 of its levels.
You also visited: Sewer and Ossuary.

You collected 407 gold pieces.

Inventory:

Hand Weapons
 a - a +0 trident (weapon)
 J - a +0 long sword of slicing
Armour
 c - a +0 shield (worn)
 K - a +0 chain mail (worn)
Jewellery
 i - a ring of resist corrosion (left hand)
 G - a ring of positive energy (right hand)
 M - a cursed amulet of rage (around neck)
Wands
 d - a wand of iceblast (4/15)
 v - a wand of acid (10/15)
 O - a wand of confusion (36/48)
Scrolls
 l - a scroll of immolation {unknown}
 m - a scroll of enchant armour
 o - 12 scrolls of teleportation {unknown}
 p - a scroll of enchant weapon {unknown}
 q - 4 scrolls of remove curse
 t - 5 scrolls of fear {unknown}
 w - a scroll of vulnerability {unknown}
 y - 3 scrolls of recharging
 E - a scroll of amnesia
 H - a scroll of random uselessness {unknown}
 N - a scroll of magic mapping
Potions
 b - a potion of haste
 e - 11 potions of curing
 g - 4 potions of might
 j - a potion of resistance
 k - 6 potions of brilliance
 n - 2 potions of degeneration {unknown}
 r - 5 potions of flight
 s - 2 potions of lignification
 u - a potion of berserk rage
 x - 3 potions of agility
 z - 2 potions of heal wounds {unknown}
 A - 3 potions of magic
 B - 2 potions of ambrosia
 C - 3 potions of invisibility {unknown}
 I - a potion of mutation {unknown}
Books
 D - the Volume of Beguiling and Stolen Souls
   (You found it on level 7 of the Dungeon)

   Spells                             Type                      Level
   a - Corona                         Hexes                        1
   b - Animate Skeleton               Necromancy                   1
   c - Summon Guardian Golem          Hexes/Summoning              3
   d - Death Channel                  Necromancy                   6
   e - Discord                        Hexes                        8
Comestibles
 f - 11 bread rations
 h - 5 meat rations
 F - 2 fruits


   Skills:
 + Level 9.0 Fighting
 + Level 8.2 Polearms
 + Level 8.7 Armour
 + Level 9.3 Shields
 + Level 5.8 Evocations


You had 9 spell levels left.
You didn't know any spells.

Dungeon Overview and Level Annotations

Branches:
Dungeon (8/15)             Temple (1/1) D:5            Lair (0/6) D:8

Altars:
Ashenzari
Elyvilon
Fedhas
Hepliaklqana
Kikubaaqudgha
Makhleb
Nemelex Xobeh
Qazlal
Ru
Trog
Uskayaw
Vehumet
Xom
Zin
The Shining One

Shops:
D:5 ***?*   D:8 *


Innate Abilities, Weirdness & Mutations

You reflexively headbutt those who attack you in melee.
You have a pair of horns on your head.
You possess an exceptional clarity of mind.
Your mind is acute. (Int +2)
Armour fits poorly on your strangely shaped body.
You are frail. (-10% HP)
Your system is resistant to poisons. (rPois)


Message History

A killer bee comes into view.
You feel very mighty all of a sudden. You block the killer bee's attack.
The killer bee stings you!
* * * LOW HITPOINT WARNING * * *
You are poisoned.
The killer bee poisons you! The killer bee stings you!
* * * LOW HITPOINT WARNING * * *
The killer bee rages.
You hear an angry buzzing noise.
A killer bee comes into view.
You impale the killer bee!!
The killer bee is severely wounded.
* * * LOW HITPOINT WARNING * * *
You feel sick. You block the killer bee's attack.
The killer bee completely misses you. The killer bee closely misses you.
You hear an angry buzzing noise. x2
You miss the killer bee.
The killer bee is severely wounded.
You block the killer bee's attack. The killer bee stings you.
You die...

#.....## #.<.
#......# #...
#...... #... .....
##+# #'#'# #.#.###
######...y.#
#......#.#S########.
........yoyy@.......
#.####.#.#y########.
##'#.#.# #......#
#......########
#.............#
#[....#######.#
##.#'#.....##.#
#.#.#.....##.# ###


You could see 5 killer bees, an adder and an orc.

Vanquished Creatures
  A two-headed ogre (D:8)
  Sigmund (D:3)
  A phantom (D:7)
  2 sky beasts
  2 necrophages
  2 orc warriors
  An ogre (D:8)
  A centaur (D:6)
  3 big kobolds
  5 bullfrogs
  12 scorpions
  7 killer bees
  2 howler monkeys
  4 crimson imps
  A quasit (D:5)
  3 centaur zombies (Ossuary)
  8 hounds
  A jelly (D:6)
  2 human zombies (Ossuary)
  6 orc wizards
  5 orc priests
  2 bullfrog skeletons (D:6)
  A gnoll shaman (D:5)
  Jessica (D:3)
  2 iguanas
  Terence (D:3)
  3 worker ants
  4 big kobold zombies (Ossuary)
  A hound zombie (D:7)
  3 mummies (Ossuary)
  A howler monkey zombie (D:5)
  3 scorpion zombies (Ossuary)
  8 gnolls
  12 adders
  4 river rats (Sewer)
  2 worm zombies (D:5)
  An adder zombie (D:7)
  3 worms
  3 dart slugs
  4 leopard geckos
  30 orcs
  14 bats
  6 giant cockroaches
  3 gnoll zombies
  5 goblins
  3 hobgoblins
  10 jackals
  5 ball pythons (Sewer)
  9 frilled lizards
  A goblin zombie (Ossuary)
  4 hobgoblin zombies (Ossuary)
  28 kobolds
  2 kobold zombies (Ossuary)
  A leopard gecko skeleton (D:7)
  3 orc zombies (Ossuary)
  A quokka zombie (D:6)
  24 rats
278 creatures vanquished.

Notes
Turn   | Place    | Note
-------+----------+-------------------------------------------
     0 | D:1      | Mitsuki the Minotaur Fighter began the quest for the Orb.
     0 | D:1      | Reached XP level 1. HP: 19/19 MP: 0/0
   104 | D:1      | Reached XP level 2. HP: 27/27 MP: 1/1
   589 | D:1      | Reached XP level 3. HP: 33/33 MP: 2/2
  1204 | D:2      | Reached XP level 4. HP: 33/40 MP: 3/3
  1731 | D:3      | Noticed Jessica
  1736 | D:3      | Killed Jessica
  1737 | D:3      | Noticed Terence
  1748 | D:3      | Killed Terence
  1748 | D:3      | Reached skill level 5 in Shields
  1835 | D:3      | Reached XP level 5. HP: 44/47 MP: 4/4
  1888 | D:3      | Found a glowing golden altar of the Shining One.
  2307 | D:3      | Noticed Sigmund
  2316 | D:3      | Killed Sigmund
  2316 | D:3      | Reached skill level 5 in Fighting
  2316 | D:3      | Reached skill level 5 in Armour
  2316 | D:3      | Reached skill level 1 in Evocations
  2316 | D:3      | Reached XP level 6. HP: 56/56 MP: 5/5
  2440 | D:4      | Found a glowing drain.
  2460 | Sewer    | Entered a sewer
  2919 | Sewer    | Reached XP level 7. HP: 61/61 MP: 7/7
  3590 | D:4      | Found a blossoming altar of Fedhas.
  4174 | D:5      | Entered Level 5 of the Dungeon
  4190 | D:5      | Found Asat's Assorted Antiques.
  4197 | D:5      | Reached skill level 5 in Polearms
  4287 | D:5      | Found Viuthren's Assorted Antiques.
  4299 | D:5      | Found a sand-covered staircase.
  4308 | Ossuary  | Entered an ossuary
  4550 | Ossuary  | Reached XP level 8. HP: 64/70 MP: 9/9
  5460 | D:5      | Gained mutation: Your mind is acute. (Int +2) [mutagenic meat]
  5461 | D:5      | Gained mutation: Your mind is very acute. (Int +4) [mutagenic meat]
  5463 | D:5      | Lost mutation: Your mind is very acute. (Int +4) [mutagenic meat]
  5464 | D:5      | Gained mutation: You possess an exceptional clarity of mind. [mutagenic meat]
  5485 | D:4      | Found a radiant altar of Vehumet.
  5485 | D:4      | Found a hide-covered altar of Uskayaw.
  5552 | D:5      | Found a staircase to the Ecumenical Temple.
  5558 | Temple   | Entered the Ecumenical Temple
  6081 | D:5      | Found Dyfanulo's Magic Scroll Shoppe.
  6103 | D:5      | Found Oliprapn's Assorted Antiques.
  6133 | D:5      | Found Noebrue's Assorted Antiques.
  6484 | D:5      | Reached XP level 9. HP: 79/79 MP: 11/11
  6533 | D:5      | Found a stormy altar of Qazlal.
  7819 | D:6      | Reached skill level 5 in Evocations
  8428 | D:7      | Identified the Volume of Beguiling and Stolen Souls
  8487 | D:7      | Gained mutation: Your system is resistant to poisons. (rPois) [mutagenic meat]
  8488 | D:7      | Gained mutation: Scrolls take you a little longer to read. [mutagenic meat]
  8489 | D:7      | Gained mutation: Armour fits poorly on your strangely shaped body. [mutagenic meat]
  8490 | D:7      | Gained mutation: You are frail. (-10% HP) [mutagenic meat]
  8491 | D:7      | Lost mutation: Scrolls take you a little longer to read. [mutagenic meat]
  8602 | D:7      | Found a shattered altar of Ashenzari.
  9536 | D:8      | Found a staircase to the Lair.
  9649 | D:8      | Reached XP level 10. HP: 67/81 MP: 13/13
  9854 | D:8      | Found a hazy altar of Hepliaklqana.
  9854 | D:8      | Noticed a two-headed ogre
  9863 | D:8      | HP: 4/81 [two-headed ogre/giant club (8)]
  9864 | D:8      | Killed a two-headed ogre
 10281 | D:8      | Found Vuppiati's General Store.
 10323 | D:8      | HP: 3/81 [killer bee (10)]
 10325 | D:8      | Slain by a killer bee

Skill      XL: |  1  2  3  4  5  6  7  8  9 10 |
---------------+-------------------------------+-----
Shields        | 4 5 6 7 9 |  9.3
Fighting       | 4 5 6 7 8 9 |  9.0
Polearms       | 3 4 5 6 7 8 |  8.2
Armour         | 4 5 6 7 8 |  8.7
Evocations     | 1 3 4 5 |  5.8

Action                   |  1- 3 |  4- 6 |  7- 9 | 10-12 || total
-------------------------+-------+-------+-------+-------++-------
Melee: Trident           |   124 |   188 |   683 |    44 ||  1039
       Headbutt          |     6 |    37 |   114 |     8 ||   165
  Use: Scroll            |     4 |       |    10 |       ||    14
       Potion            |       |     1 |     2 |     3 ||     6
  Eat: Chunk             |     1 |     6 |    28 |     3 ||    38
       Royal jelly       |       |       |     2 |       ||     2
Armor: Scale mail        |    43 |    51 |   100 |       ||   194
       Ring mail         |     9 |       |       |       ||     9
       Chain mail        |       |       |    75 |    13 ||    88
Dodge: Dodged            |    33 |    48 |   170 |    20 ||   271
Block: Shield            |    53 |    78 |   274 |    30 ||   435
